 Seeded DCSS version 0.29.1-15-g9cfb28693d (webtiles) character file.

Game seed: 14669342937109275278 (custom seed)

11 Psyclone the Firebug (level 2, 15/15 HPs)
             Began as a Deep Elf Fire Elementalist on Sept 27, 2023.
             Quit the game on level 3 of the Dungeon.
             The game lasted 00:00:46 (284 turns).

Psyclone the Firebug (Deep Elf Fire Elementalist)    Turns: 284, Time: 00:00:47

Health: 15/15      AC:  2    Str:  5    XL:     2   Next: 13%
Magic:  6/8        EV: 12    Int: 19    God:
Gold:   18         SH:  0    Dex: 15    Spells: 6/7 levels left

rFire   . . .      SeeInvis .   (no weapon)
rCold   . . .      Faith    .   (no shield)
rNeg    . . .      Spirit   .   a - +0 robe
rPois   .          Reflect  .   (no helmet)
rElec   .          Harm     .   (no cloak)
rCorr   .          Rampage  .   (no gloves)
Will    .....                   (no boots)
Stlth   ++........              (no amulet)
HPRegen 0.05/turn               (no ring)
MPRegen 0.11/turn               (no ring)

@: no status effects
A: no striking features
a: no special abilities


You were on level 3 of the Dungeon.
You visited 1 branch of the dungeon, and saw 3 of its levels.

You collected 18 gold pieces.

Inventory:

Armour
 a - a +0 robe (worn)
Scrolls
 c - a scroll of immolation {unknown}
Potions
 b - a potion of magic


   Skills:
 - Level 2.4 Dodging
 - Level 2.4 Stealth
 - Level 3.0 Spellcasting
 - Level 1.1 Conjurations
 + Level 4.0 Fire Magic


You had 6 spell levels left.
You knew the following spells:

 Your Spells              Type           Power      Damage    Failure   Level
a - Foxfire               Conj/Fire      48%        2x1d6     5%          1

Your spell library contained the following spells:

 Spells                   Type           Power      Damage    Failure   Level
 Scorch                   Fire           36%        2d7       4%          2
 Conjure Flame            Conj/Fire      12%        6-21      16%         3
 Inner Flame              Hex/Fire       10%        N/A       21%         3
 Flame Wave               Conj/Fire      12%        2d6       45%         4


Dungeon Overview and Level Annotations

Branches:
Dungeon (3/15) Zot: 17716

Altars:


Message History

Magic restored.
You regained 2 hp, and now have 9/15 hp.
MP restored: 8 You start resting.
HP restored.
Health restored: 15 You climb downwards.
There is a stone staircase leading up here.
A kobold comes into view. It is wielding a +0 dagger.
Casting: Foxfire (safe; 5% risk of failure)
Confirm with . or Enter, or press ? or * to list all spells.
You conjure some foxfire!
The kobold shouts!
You now have 7/8 mp.
Casting: Foxfire (safe; 5% risk of failure)
Confirm with . or Enter, or press ? or * to list all spells.
You conjure some foxfire!
The foxfire hits the kobold.
The kobold is severely wounded.
You now have 6/8 mp.
Casting: Foxfire (safe; 5% risk of failure)
Confirm with . or Enter, or press ? or * to list all spells.
You conjure some foxfire!
You now have 5/8 mp.
Casting: Foxfire (safe; 5% risk of failure)
Confirm with . or Enter, or press ? or * to list all spells.
You conjure some foxfire!
The foxfire hits the kobold.
You kill the kobold!
Your foxfire dissipates!
Your Fire Magic skill increases to level 4!
You now have 4/8 mp.
Your foxfire dissipates!
Your foxfire dissipates! x3
Your foxfire dissipates!
You see here a +0 dagger.
Found 18 gold pieces.
Found a scroll labelled ULEZXI ANWAJ.
You now have 18 gold pieces.
Found 6 stones.
d - a scroll labelled ULEZXI ANWAJ This is a scroll of acquirement!
Something appears at your feet!
Are you sure you want to abandon this character and quit the game? (Confirm with "yes".)

#.#...
########.#.#####.#
#................#
#.######.#)#####.#
#.#..............#
#.#.#######....#.#
#.# +....+
#.#########....#.#
#@...(...#.......#
########.#.#####.#
#.# .. #.###...#
#<.......
#.####### #.# #..
###


There were no monsters in sight!

Vanquished Creatures
  An adder (D:2)
  A hobgoblin (D:1)
  A kobold (D:3)
3 creatures vanquished.

Vanquished Creatures (others)
  21 foxfires
21 creatures vanquished.

Grand Total: 24 creatures vanquished

Notes
Turn   | Place    | Note
-------+----------+-------------------------------------------
     0 | D:1      | Psyclone the Deep Elf Fire Elementalist began the quest for
                  | the Orb.
     0 | D:1      | Reached XP level 1. HP: 10/10 MP: 6/6
   101 | D:2      | Reached XP level 2. HP: 7/15 MP: 4/8
   262 | D:3      | Reached skill level 4 in Fire Magic
   283 | D:3      | Identified a scroll of acquirement
   283 | D:3      | Acquired 1116 gold pieces
   284 | D:3      | Quit the game

Illustrated notes

Levels and vault maps discovered:
D:1:      dpeg_arrival_brainrot, layout_basic, serial_shops, shop_coins
D:2:      layout_basic, uniq_jessica
D:3:      wander_river, layout_basic, serial_shops, nicolae_shop_trees,
          minivault_5, minmay_strange_pillars

Skill      XL: |  1  2 |
---------------+-------+-----
Fire Magic     | 4 |  4.0
Dodging        | |  2.4
Stealth        | |  2.4
Spellcasting   | |  3.0
Conjurations   | |  1.1

Action                   || total
-------------------------++-------
 Cast: Foxfire           ||    12
  Use: Scroll            ||     1
Dodge: Dodged            ||     4
